[Event "Late-Titled-Tuesday-Blitz-June-04-2024"]
[Site "Chess.com"]
[Date "2024.06.04"]
[Round "10"]
[White "Kacparov"]
[Black "krzyzan94"]
[Result "1/2-1/2"]
[WhiteElo "2918"]
[BlackElo "2805"]
[TimeControl "180+1"]
[EndTime "15:56:38 PDT"]
[Termination "Game drawn by stalemate"]

1. e4 c6 2. d4 d5 3. e5 Bf5 4.
Nf3 e6 5. Be2 Ne7 6. O-O Nd7 7.
Be3 Bg6 8. Nbd2 Nf5 9. c4 Be7 10. Rc1 O-O 11. Nb3 Nxe3 12. fxe3 dxc4 13. Bxc4 Bg5 14.
Nxg5 Qxg5 15. Qf3 Rad8 16. Qf4 Qxf4 17. Rxf4 Nb6 18. Nc5 Nxc4 19. Rxc4 b6 20. Nb7 Rd7 21. Nd6 Rc7 22. b4 a6 23. Rc3 f6 24. Nc4 Rb7 25. a4 a5 26. bxa5 bxa5 27. Nxa5 Rb1+ 28. Kf2 Ra8 29. Nxc6 Rxa4 30. Ne7+ Kf7 31. Rc7 Ra2+ 32.
Kg3 Rc2 33. Ra7 Rbb2 34. Nxg6+ Kxg6 35. Rg4+ Kh6 36. Kh3 fxe5 37. Raxg7 Re2 38. Rf7 exd4 39.
Kh4 Rf2 40. Rxf2 Rxf2 41. exd4 Rd2 42. h3 Rd3 43. g3 Rd2 44. Re4 Kg7 45. Kg5 Rd3 46. Kf4 Kf6 47. Kg4 Rd1 48. Rf4+ Kg6 49. Re4 Kf6 50. h4 Rd3 51. Rf4+ Kg6 52. h5+ Kg7 53.
Kh4 h6 54. g4 Rd1 55. Kg3 Rd3+ 56. Kf2 Ra3 57. Ke2 Rb3 58. Kd2 Ra3 59. Ke2 Rb3 60. Rf3 Rb1 61. Ke3 Rd1 62. Ke4 Re1+ 63. Re3 Rg1 64. Ke5 Kf7 65. Rf3+ Ke7 66. Rf4 Re1+ 67. Re4 Rd1 68. Re3 Rd2 69. Ra3 Re2+ 70. Kf4 Kf6 71. Ra6 Rf2+ 72. Ke3 Rg2 73. Kf3 Rd2 74. Ra4 Rd1 75.
Kf4 Rf1+ 76. Kg3 Rd1 77. Kf2 Rd3 78. Rb4 Kg5 79. Rb6 Rxd4 80. Rxe6 Rxg4 81. Rg6+ Kxh5 82. Rxg4 Kxg4 83. Kg2 h5 84. Kh2 h4 85. Kh1 Kh3 86. Kg1 Kg3 87. Kh1 h3 88. Kg1 h2+ 89. Kh1 Kh3 1/2-1/2

[Event "Late-Titled-Tuesday-Blitz-June-04-2024"]
[Site "Chess.com"]
[Date "2024.06.04"]
[Round "10"]
[White "steepedgames"]
[Black "GMChessrob"]
[Result "0-1"]
[WhiteElo "2519"]
[BlackElo "2588"]
[TimeControl "180+1"]
[EndTime "15:56:40 PDT"]
[Termination "GMChessrob won by checkmate"]

1. d4 d5 2. Bf4 Nf6 3. Nc3 a6 4. e3 c5 5. Nf3 Nc6 6. Ne5 cxd4 7.
Nxc6 bxc6 8. exd4 g6 9. Be5 Bg7 10. Bd3 O-O 11. O-O Bh6 12. Na4 Nd7 13. Bg3 Bg7 14.
c3 a5 15. Re1 Re8 16. Bh4 Ra7 17.
Qf3 Bf8 18. Re2 Nb6 19. Nc5 Nd7 20. Nxd7 Qxd7 21. Rae1 Qg4 22. Qxg4 Bxg4 23. f3 Be6 24. Bg5 Rb8 25. Kf2 a4 26. a3 Rab7 27. Bc1 Bf5 28.
Bxf5 gxf5 29. g4 fxg4 30. fxg4 e6 31. h4 c5 32. dxc5 Bxc5+ 33. Kf3 Rb3 34. Kf4 Bd6+ 35.
Kg5 Be7+ 36. Kh5 Rc8 37. Rf1 Rb5 38. g5 Bf8 39. Ref2 Rb7 40. Bf4 Rc4 41. Be5 Re4 42. Bg3 Bg7 43. Rd2 Rd7 44. Re1 Rc4 45. Rd3 Rb7 46.
Re2 d4 47. cxd4 Bxd4 48. Re4 Rd7 49. Bf4 Bxb2 50. Rxc4 Rxd3 51. Rxa4 Rxa3 52. Rxa3 Bxa3 53. Be5 Bb4 54. Kh6 Bf8+ 55. Kh5 Bg7 56. Bd6 Bf8 57. Be5 Bg7 58. Bd6 h6 59. gxh6 Bf6 60. Bc5 Kh7 61.
Bf8 Bd4 62. Kg4 Be3 63. h5 Bxh6 64. Be7 Bg7 65. Kg5 Kg8 66. h6 Bh8 67. Kh5 Kh7 68.
Kg5 Bd4 69. Bf8 f6+ 70. Kh5 Be3 71. Bg7 f5 72. Kh4 Bxh6 73. Be5 Kg6 74. Kg3 Bg7 75. Bf4 e5 76. Bd2 Bh6 77. Bc3 e4 78. Kf2 f4 79.
Bd4 Kf5 80. Ke2 Kg4 81. Kf2 e3+ 82. Ke2 f3+ 83. Kf1 Bf4 84. Bc3 Bg3 85. Kg1 e2 86.
Bb4 f2+ 87. Kg2 f1=Q# 0-1

[Event "Late-Titled-Tuesday-Blitz-June-04-2024"]
[Site "Chess.com"]
[Date "2024.06.04"]
[Round "10"]
[White "TERMINATOR_PC"]
[Black "Bkmzzzzz"]
[Result "1/2-1/2"]
[WhiteElo "2590"]
[BlackElo "2422"]
[TimeControl "180+1"]
[EndTime "15:56:45 PDT"]
[Termination "Game drawn by repetition"]

1. c4 e5 2. Nc3 d6 3. g3 f5 4. Bh3 Nf6 5. Nf3 g6 6. d3 Bg7 7.
Bd2 O-O 8. Bg2 c6 9. O-O h6 10. b4 a6 11. a4 Be6 12. b5 axb5 13. axb5 Rxa1 14. Qxa1 e4 15. Nd4 Bf7 16. bxc6 bxc6 17. Qa4 Qc7 18. Rb1 Nfd7 19. Nb3 d5 20. cxd5 cxd5 21.
Rc1 Qc6 22. Qxc6 Nxc6 23. Nxe4 dxe4 24. Rxc6 Bxb3 25. dxe4 fxe4 26. Bxe4 g5 27. Rc7 Nf6 28. Bd3 Ng4 29. Be1 Bd4 30. e3 Bg7 31. Bc4+ Bxc4 32.
Rxc4 Ne5 33. Rc1 Nf3+ 34. Kg2 Nxe1+ 35. Rxe1 Rb8 36. Re2 Kf7 37. h3 Ke6 38. Ra2 Rb6 39. Ra7 Bf6 40. Rh7 Rb2 41. Rxh6 Kf7 42. Rh7+ Kg6 43. Rc7 Be5 44. Rc6+ Kf7 45. Kf3 Bf6 46.
Ra6 Bc3 47. Ra7+ Kf8 48. Ra8+ Ke7 49. Ra7+ Kd8 50. Ra8+ Kc7 51. Kg2 Bd2 52. Rf8 Bxe3 53. Rf5 Kd6 54. Kf1 Ke6 55. Rf3 Bd4 56. h4 gxh4 57.
gxh4 Bf6 58. h5 Rb1+ 59. Kg2 Rb5 60. Rh3 Rg5+ 61. Kf3 Kf5 62. h6 Kg6 63. h7 Bh8 64.
Ke4 Rg2 65. f4 Re2+ 66. Kf3 Re1 67. Rh2 Re7 68. Kg4 Kg7 69. Kg5 Ra7 70. f5 Kf7 71. Rc2 Be5 72. Re2 Bf6+ 73. Kg4 Ra4+ 74. Kg3 Rh4 75. Ra2 Rxh7 76. Ra7+ Be7 77. Ra6 Rh1 78. Kf4 Rf1+ 79. Kg4 Re1 80. Re6 Rd1 81. Ra6 Rd4+ 82. Kf3 Bd6 83. Ke3 Bc5 84. Rc6 Rc4+ 85. Kd3 Rd4+ 86.
Ke3 Rd5+ 87. Ke4 Rd4+ 88. Ke3 1/2-1/2

[Event "Late-Titled-Tuesday-Blitz-June-04-2024"]
[Site "Chess.com"]
[Date "2024.06.04"]
[Round "10"]
[White "Der_Honigdachs"]
[Black "giovannibrandao7"]
[Result "1/2-1/2"]
[WhiteElo "2508"]
[BlackElo "2351"]
[TimeControl "180+1"]
[EndTime "15:56:50 PDT"]
[Termination "Game drawn - insufficient material"]

1. e4 c5 2. Nc3 Nc6 3. Nf3 g6 4. d4 cxd4 5. Nxd4 Bg7 6. Be3 Nf6 7. Nxc6 bxc6 8. e5 Nd5 9. Nxd5 cxd5 10. Qxd5 Rb8 11.
Bc4 O-O 12. O-O Bb7 13. Qd4 Qc7 14. Bf4 Qc6 15. f3 d6 16. Bb3 dxe5 17. Bxe5 Rbd8 18. Qe3 Bxe5 19. Qxe5 e6 20. Qe3 a5 21. a4 Ba6 22.
Rfd1 Bc4 23. h3 Bxb3 24. Qxb3 Qc5+ 25. Kh1 Qf2 26. Rf1 Qg3 27. Qc3 Rc8 28. Qd2 Rfd8 29.
Qf2 Qe5 30. c3 Rd3 31. f4 Qd5 32. Rae1 Rd2 33. Re2 Rxe2 34. Qxe2 Rb8 35. Rf2 Rd8 36. Qe5 Qd1+ 37. Kh2 Qxa4 38. Qf6 Re8 39. h4 Qe4 40. Rd2 Qf5 41. Qxf5 exf5 42. Rd5 Rb8 43. Rxa5 Rxb2 44. Rc5 Rc2 45. Kg3 Kg7 46. Kf3 Kf6 47. g3 Ke6 48. Rc7 h5 49. Ke3 Rg2 50. Kf3 Rc2 51. Rc8 Kd5 52. Rd8+ Kc4 53. Rd7 Rxc3+ 54. Kg2 Re3 55. Rxf7 Re6 56. Rd7 Kc5 57. Kf3 Kc6 58. Rd8 Kc5 59. Rd1 Kc6 60. Rc1+ Kd6 61. Rd1+ Kc5 62. Rd8 Kc6 63. Rg8 Kd7 64. Ra8 Ke7 65. Ra7+ Kf6 66. Ra5 Rc6 67. Ra3 Ke6 68. Re3+ Kd5 69. Rd3+ Kc4 70.
Rd7 Rb6 71. Ke3 Rb3+ 72. Kf2 Kc5 73. Rc7+ Kd6 74. Rg7 Rb2+ 75. Kf3 Rb3+ 76. Kg2 Rb2+ 77. Kh3 Kd5 78. Rxg6 Ke4 79. Rg5 Kf3 80. Rxf5 Rb1 81. Kh2 Rb2+ 82. Kh3 Rb1 83. Kh2 Rb2+ 84. Kg1 Kxg3 85.
Rg5+ Kxh4 86. Rg2 Rb4 87. Rf2 Kg4 88. f5 Rb7 89. f6 Rf7 90. Kg2 Kg5 91. Kh3 Rxf6 92.
Rxf6 Kxf6 93. Kh4 Kg6 94. Kh3 Kf5 95. Kg3 Ke4 96. Kh3 Kd3 97. Kh4 Kc2 98. Kxh5 1/2-1/2

[Event "Late-Titled-Tuesday-Blitz-June-04-2024"]
[Site "Chess.com"]
[Date "2024.06.04"]
[Round "10"]
[White "zverr1"]
[Black "KNVB"]
[Result "1-0"]
[WhiteElo "2637"]
[BlackElo "2767"]
[TimeControl "180+1"]
[EndTime "15:57:00 PDT"]
[Termination "zverr1 won by checkmate"]

1. e4 b6 2. d4 Bb7 3. Bd3 e6 4.
Nf3 d5 5. Nbd2 Nf6 6. Qe2 Nxe4 7. Nxe4 dxe4 8. Bxe4 Bxe4 9. Qxe4 Qd5 10. Qxd5 exd5 11. Bf4 Na6 12. O-O-O f6 13. Rhe1+ Kd7 14. h4 h5 15. Ng1 Be7 16. Ne2 Rhe8 17. Nc3 c6 18. a3 Bf8 19. Kd2 g6 20. Rxe8 Rxe8 21. Rg1 Ke6 22.
f3 Be7 23. g4 Kf7 24. Ne2 Rh8 25. g5 Nb8 26. Nc1 Nd7 27. Nd3 c5 28. c3 c4 29.
gxf6 Bxf6 30. Ne5+ Bxe5 31. Bxe5 Rg8 32. f4 b5 33. a4 b4 34. cxb4 Nb6 35. a5 Nc8 36. b5 Ne7 37. b6 axb6 38. axb6 Nc6 39. Ra1 Ke6 40. Ra6 Kd7 41. b7 Nxe5 42. fxe5 Rb8 43. Rxg6 Ke7 44. Rg7+ Ke6 45. Rh7 Kf5 46. Kc3 Ke4 47.
e6 Kf5 48. e7 Kf6 49. e8=Q Rxe8 50. Rc7 Rb8 51. b3 cxb3 52. Kxb3 Ke6 53. Kb4 Kd6 54. Rh7 Kc6 55. Rg7 Kb6 56. Rg6+ Kxb7 57. Kc5 Rf8 58. Rg7+ Ka6 59. Rg5 Rf4 60. Rxh5 Kb7 61. Rh7+ Kc8 62. Kxd5 Kd8 63. Ke5 Rg4 64. d5 Ke8 65. Kd6 Rg6+ 66. Kc5 Kd8 67. d6 Rg1 68. Kd5 Rd1+ 69. Ke5 Re1+ 70.
Kf5 Rd1 71. d7 Rd5+ 72. Kg6 Rd6+ 73. Kf5 Rd5+ 74. Ke6 Rd6+ 75. Ke5 Rd1 76. h5 Re1+ 77. Kf6 Rf1+ 78. Kg5 Rg1+ 79. Kh6 Rd1 80. Rg7 Rd6+ 81. Kh7 Rd5 82. h6 Rd6 83. Rf7 Re6 84. Kg7 Re5 85. Kg8 Rg5+ 86. Rg7 Ra5 87. h7 Ra8 88. h8=Q Kc7+ 89. Kh7 Rd8 90. Qxd8+ Kxd8 91. Kg6 Kc7 92. Kf6 Kd8 93. Ke6 Kc7 94. Rg8 Kc6 95. Rc8+ Kb7 96. d8=Q Ka7 97. Qd7+ Ka6 98. Rc6+ Kb5 99.
Qd5+ Ka4 100. Rc4+ Kb3 101. Qd3+ Ka2 102. Rc2+ Kb1 103. Qd1# 1-0

[Event "Late-Titled-Tuesday-Blitz-June-04-2024"]
[Site "Chess.com"]
[Date "2024.06.04"]
[Round "10"]
[White "MuhittinBuker"]
[Black "slidingknight2775"]
[Result "0-1"]
[WhiteElo "2265"]
[BlackElo "2648"]
[TimeControl "180+1"]
[EndTime "15:57:16 PDT"]
[Termination "slidingknight2775 won on time"]

1. d4 Nf6 2. c4 e6 3. Nf3 d5 4.
Nc3 c6 5. Bg5 h6 6. Bxf6 Qxf6 7.
e3 g6 8. Bd3 Bg7 9. O-O O-O 10.
e4 Qd8 11. e5 dxc4 12. Bxc4 c5 13. dxc5 Nd7 14. Qd6 Nxe5 15. Nxe5 Qxd6 16. cxd6 Bxe5 17.
Rfd1 Rd8 18. Ne4 Bd7 19. Rab1 Bc6 20. f3 Bxe4 21. fxe4 Rac8 22. b3 Bxd6 23. g3 a6 24. a4 Bb4 25. Kg2 Kg7 26. Kf3 Kf6 27. Ke2 Rxd1 28.
Rxd1 Rc7 29. Rd8 Bc5 30. Kd3 Bg1 31. h3 Bh2 32. g4 Kg5 33. Ke2 Kh4 34. Rd3 Be5 35.
Kf2 h5 36. gxh5 Kxh5 37. Kg2 Kg5 38. Rd8 Kf6 39. Kf3 Ke7 40. Rd1 Rc5 41. Kg4 b5 42.
axb5 axb5 43. Be2 f5+ 44. Kf3 Kf6 45. Rd7 Rc3+ 46. Rd3 Rc2 47. Rd7 fxe4+ 48. Ke3 Rc3+ 49. Kxe4 Rxb3 50. Bg4 Rb1 51. Rb7 b4 52. Rb6 Re1+ 53.
Kd3 Bc3 54. Kc4 Re3 55. Rb8 Kg5 56. Re8 e5 57. Rf8 Re1 58. Re8 e4 59. Kd5 e3 60.
Kc4 Bd2 61. Rb8 Rg1 62. Kd3 Rc1 63. Ke2 Re1+ 64. Kd3 Rf1 65. Ke2 Rf2+ 66. Kd3 Rf4 67. Ke2 Rd4 68. Rb7 Rc4 69. Rb5+ Kh6 70. Rb6 Rc1 71.
Kd3 Rb1 72. Ke2 Kg7 73. Rb7+ Kf6 74. Rb6+ Kg5 75. Rb5+ Kh4 76. Rb6 g5 77. Kf3 Rf1+ 78. Ke2 Rb1 79. Kf3 Rf1+ 80. Ke2 Rf2+ 81. Kd3 Kg3 82. Rb8 Rf1 83. Ke2 Rf2+ 84. Kd3 Rf4 85. Ke2 Rc4 86. Kd3 Rc3+ 87. Ke2 Rc5 88. Kd3 Re5 89.
Ke2 Re4 90. Rb7 Rxg4 91. hxg4 Kxg4 92. Rb5 Kf4 0-1

[Event "Late-Titled-Tuesday-Blitz-June-04-2024"]
[Site "Chess.com"]
[Date "2024.06.04"]
[Round "10"]
[White "Sl4werThanYou"]
[Black "dosto07"]
[Result "1/2-1/2"]
[WhiteElo "2723"]
[BlackElo "2509"]
[TimeControl "180+1"]
[EndTime "15:57:31 PDT"]
[Termination "Game drawn by repetition"]

1. e4 e5 2. Nf3 Nc6 3. Bb5 a6 4.
Ba4 Nf6 5. O-O Be7 6. Bxc6 dxc6 7. Re1 Nd7 8. b3 O-O 9. Bb2 f6 10. d4 exd4 11. Qxd4 Nc5 12. Qc4+ Be6 13. Qc3 Qe8 14. Nbd2 a5 15. Nc4 a4 16. Nd4 Bf7 17. Nf5 axb3 18.
cxb3 Be6 19. Qg3 Bxf5 20. exf5 Qf7 21. Qxc7 Rfe8 22. Ba3 Na6 23. Qxb7 Bxa3 24. Qxf7+ Kxf7 25. Nxa3 Rxe1+ 26. Rxe1 Nb4 27. Nc4 Nxa2 28. Nd6+ Kf8 29. Ra1 Ra6 30. Re1 Ra8 31. Ra1 Ra6 32. g4 Nb4 33.
Re1 Ra8 34. Re4 Nd3 35. Kg2 Rd8 36. Nc4 Nc5 37. Re3 Rd4 38. f3 Nxb3 39. Rxb3 Rxc4 40. Rb8+ Kf7 41. Rb7+ Kf8 42. Rc7 h6 43. Kg3 Rc1 44. Kh4 Kg8 45. Kh5 Kh7 46. Kh4 c5 47. Kg3 c4 48. h4 c3 49. f4 Rg1+ 50. Kh3 Rh1+ 51.
Kg3 Rg1+ 52. Kf3 Rc1 53. Kg2 Rc2+ 54. Kh3 Rc1 55. g5 hxg5 56. hxg5 fxg5 57. f6 Rf1 58.
fxg5 c2 59. f7 c1=Q 60. Rxc1 Rxf7 61. Rc6 g6 62. Kg4 Kg7 63. Rc5 Rf8 64. Rc7+ Rf7 65. Rc8 Rf8 66. Rc5 Rf7 67. Re5 Rf8 68. Kg3 Rf7 69. Kh4 Rf8 70. Re2 Rf4+ 71. Kg3 Rf7 72.
Re3 Rf5 73. Kg4 Rf7 74. Re5 Rf8 75. Rd5 Rf7 76. Rd8 Rf8 77. Rd2 Rf7 78. Rd4 Rf8 79.
Rc4 Rf1 80. Rc6 Rg1+ 81. Kf4 Rf1+ 82. Ke4 Rf5 83. Rc7+ Kg8 84. Rc8+ Kg7 85. Rc7+ Kg8 86. Rc6 Rxg5 87. Kf4 Rg1 88. Rc7 Kh8 89. Kf3 Kg8 90. Kf2 Rg5 91. Ke3 Rf5 92. Ke4 Rf7 93. Rc3 Kg7 94. Rf3 Re7+ 95. Kf4 Rf7+ 96. Kg4 Rxf3 97. Kxf3 Kf6 98. Kf4 g5+ 99. Kg4 Kg6 100. Kg3 Kf5 101.
Kf3 g4+ 102. Kg3 Kg5 103. Kg2 Kh4 104. Kh2 Kg5 105. Kg3 Kf5 106. Kg2 Ke4 107. Kg3 Kf5 108. Kg2 Kf6 109. Kg3 Kg5 110. Kg2 Kf4 111. Kf2 g3+ 112. Kg2 Kg4 113. Kg1 Kf3 114. Kf1 Kf4 115. Kg2 Kg4 116. Kg1 Kh3 117. Kh1 Kh4 118. Kg2 Kg4 1/2-1/2

[Event "Late-Titled-Tuesday-Blitz-June-04-2024"]
[Site "Chess.com"]
[Date "2024.06.04"]
[Round "10"]
[White "BashiqChess"]
[Black "Nf3c5"]
[Result "1-0"]
[WhiteElo "2498"]
[BlackElo "2603"]
[TimeControl "180+1"]
[EndTime "15:58:03 PDT"]
[Termination "BashiqChess won on time"]

1. Nf3 d5 2. b3 Bf5 3. Bb2 e6 4. g3 h6 5. Bg2 Nf6 6. O-O Be7 7. d3 O-O 8. Nbd2 a5 9. c4 a4 10. a3 axb3 11. Qxb3 Nbd7 12. Ne5 Nc5 13. Qc2 Na4 14. Rfb1 Nxb2 15. Qxb2 Ra7 16. a4 Qa8 17. Qb3 c6 18. h3 Qd8 19. g4 Bh7 20. Ndf3 Bc5 21. Rb2 Qc7 22. d4 Bd6 23. c5 Be7 24. Nd2 Rfa8 25.
Bf3 Nd7 26. Nxd7 Qxd7 27. e3 e5 28. dxe5 Bxc5 29. Be2 Qe7 30. f4 Qh4 31. Kg2 f6 32.
Bd3 Bxd3 33. Qxd3 fxe5 34. Nf3 e4 35. Qxd5+ cxd5 36. Nxh4 Bxe3 37. Rd1 d4 38. Nf5 Rxa4 39. Nxe3 dxe3 40. Rxb7 Ra2+ 41. Kg3 e2 42. Re1 Rd8 43. Re7 Rd1 44. Kf2 Rd3 45. Rxe4 Rxh3 46. R1xe2 Rh2+ 47. Kf3 Ra3+ 48. R4e3 Rh3+ 49. Kf2 Rh2+ 50. Kg3 Rxe3+ 51. Rxe3 Ra2 52. f5 Kf7 53. Kf4 Ra4+ 54. Kg3 Kf6 55. Re6+ Kf7 56. Rb6 Ra1 57. Rb7+ Kf6 58. Rb6+ Kf7 59.
Kf4 Ra4+ 60. Kf3 Ra7 61. Kf4 Rd7 62. Re6 Ra7 63. Rb6 Ra4+ 64. Kf3 Ra3+ 65. Ke4 Ra8 66.
Ke5 Re8+ 67. Kf4 Re1 68. Rb7+ Kg8 69. Kf3 Kh7 70. Kg3 Rf1 71. Kg2 Rf4 72. Kg3 Rf1 73. Kh3 Kg8 74. Kh4 Rf3 75. Ra7 Kf8 76. Ra8+ Kf7 77.
Ra7+ Kf6 78. Ra6+ Ke5 79. Ra5+ Kf4 80. Ra4+ Ke5 81. Ra5+ Kf6 82. Ra6+ Kf7 83. Ra7+ Kg8 84. Ra8+ Kh7 85. Ra7 Rf1 86. Kg3 Kg8 87. Ra8+ Kf7 88. Ra7+ Kf6 89. Ra6+ Kf7 90. Ra7+ Kf8 91. Ra8+ Kf7 92.
Ra4 Kg8 93. Kg2 Rc1 94. Ra8+ Kh7 95. Ra7 Rc2+ 96. Kf3 Rc6 97. Kf4 Rc4+ 98. Kg3 Rc3+ 99. Kh4 Rc6 100. g5 Rc4+ 101. Kh5 hxg5 102. Kxg5 Rc6 103. Rb7 Rf6 104. Rb1 Rf8 105. Rh1+ Kg8 106. Ra1 Rf6 107. Ra7 Rf8 108. Ra6 Rf7 109. Kg6 Rf6+ 110. Rxf6 gxf6 111.
Kxf6 Kf8 112. Kg6 Kg8 113. f6 Kf8 114. f7 Ke7 115.
Kg7 Ke6 116. f8=Q 1-0

[Event "Late-Titled-Tuesday-Blitz-June-04-2024"]
[Site "Chess.com"]
[Date "2024.06.04"]
[Round "10"]
[White "IngOscarArdila"]
[Black "Defenstrator"]
[Result "1/2-1/2"]
[WhiteElo "2290"]
[BlackElo "2359"]
[TimeControl "180+1"]
[EndTime "15:58:15 PDT"]
[Termination "Game drawn - insufficient material"]

1. d4 a5 2. Nf3 a4 3. a3 Ra5 4. e4 Rh5 5. Be2 Ra5 6. Bd2 Ra8 7. Nc3 e6 8. O-O d5 9. exd5 exd5 10. Re1 Be7 11.
Ne5 Nf6 12. Bd3 O-O 13. h3 c5 14. dxc5 Bxc5 15. Qf3 Nc6 16. Bg5 Be6 17. Bxf6 Qxf6 18. Qxf6 gxf6 19. Ng4 Kg7 20. Nb5 Nd4 21. Nxd4 Bxd4 22.
c3 Bc5 23. Ne3 d4 24. Nd1 Rfd8 25. Be4 dxc3 26. Nxc3 Rd2 27. Re2 Rxe2 28. Nxe2 Rd8 29. Rc1 b6 30. Kf1 Rd2 31. Nc3 Rxf2+ 32. Ke1 Bb3 33. Nd1 Rf4 34. Bf3 Rf5 35. Nf2 Bd5 36. Ke2 Bxf3+ 37. gxf3 Re5+ 38. Kf1 Re3 39. Rc3 Rxc3 40.
bxc3 Bxf2 41. Kxf2 Kg6 42. Ke3 Kf5 43. Kd4 Kf4 44.
Kd5 Kxf3 45. Kc6 Ke4 46. c4 f5 47. Kxb6 f4 48. c5 f3 49. c6 f2 50. c7 f1=Q 51.
c8=Q Qf6+ 52. Ka5 Qe7 53. Qc4+ Ke5 54. Kxa4 f5 55. Qc3+ Ke6 56. Kb5 f4 57. Qc4+ Kf5 58. Qd3+ Qe4 59. Qd7+ Qe6 60. Qd3+ Kf6 61. a4 Qe3 62.
Qd8+ Kf5 63. a5 f3 64. Qf8+ Ke4 65. a6 f2 66. Qe7+ Kd3 67. Qd7+ Ke2 68. Qf7 f1=Q 69. Qc4+ Kf3 70. Qxf1+ Ke4 71. Qc4+ Kf3 72. Qc6+ Kf4 73. Qc7+ Kf5 74. a7 Qb3+ 75. Kc6 Qc4+ 76. Kd7 Qd5+ 77. Kc8 Qa8+ 78. Qb8 Qc6+ 79. Qc7 Qa8+ 80. Kd7 Kf6 81. Qd6+ Kf7 82. Qe7+ Kg6 83. Qe6+ Kg7 84. Qe5+ Kg6 85.
Qd6+ Kg7 86. Qd4+ Kf7 87. Qf2+ Kg7 88. Qg3+ Kf7 89. Qf4+ Kg7 90. Qg5+ Kf7 91. Qf5+ Kg7 92. Qe5+ Kf7 93. Qe6+ Kg7 94. Qe7+ Kg6 95. Qe8+ Qxe8+ 96. Kxe8 h5 97. a8=Q Kg5 98. Qd5+ Kh4 99. Qe4+ Kxh3 100. Kf7 h4 101. Kg6 Kg3 102. Kg5 h3 103. Qe3+ Kg2 104. Kg4 h2 105. Qe2+ Kg1 106. Kf3 h1=Q+ 107. Ke3 Qh3+ 108. Kd2 Kh1 109. Qe1+ Kg2 110. Qe2+ Kg1 111. Qe3+ Kg2 112. Qxh3+ Kxh3 1/2-1/2

[Event "Late-Titled-Tuesday-Blitz-June-04-2024"]
[Site "Chess.com"]
[Date "2024.06.04"]
[Round "11"]
[White "ArtemDyachuk"]
[Black "WPWPWP-2015"]
[Result "0-1"]
[WhiteElo "2667"]
[BlackElo "2552"]
[TimeControl "180+1"]
[EndTime "16:00:40 PDT"]
[Termination "WPWPWP-2015 won by resignation"]

1. e4 c5 2. d4 cxd4 3. c3 d3 4.
c4 Nf6 5. Bxd3 e5 6. Nc3 Bc5 7. Nf3 Nc6 8. O-O h6 9. Nd5 O-O 10. Be3 b6 11. Qd2 Bxe3 12. Qxe3 d6 13. Rad1 Be6 14.
Bc2 Bxd5 15. exd5 Ne7 16. Nh4 Qc8 17. f4 Qxc4 18. fxe5 dxe5 19. Rxf6 Qxc2 20. Rff1 Qc5 21. d6 Qxe3+ 0-1

[Event "Late-Titled-Tuesday-Blitz-June-04-2024"]
[Site "Chess.com"]
[Date "2024.06.04"]
[Round "11"]
[White "harshu27"]
[Black "Heliosis11"]
[Result "0-1"]
[WhiteElo "2522"]
[BlackElo "2419"]
[TimeControl "180+1"]
[EndTime "16:00:56 PDT"]
[Termination "Heliosis11 won by resignation"]

1. d4 Nf6 2. Nc3 d5 3. Bf4 Bf5 4. e3 e6 5. Nf3 h6 6. Ne5 c6 7. g4 Bh7 8. Bd3 Bxd3 9. Qxd3 Nbd7 10. O-O-O Nxe5 11. dxe5 Nd7 12. h4 b5 13. g5 b4 14. Ne2 Nc5 15. Qd4 Qa5 16. Kb1 Ne4 17.
Rhf1 c5 18. Qd3 c4 19. Qd4 Bc5 0-1

[Event "Late-Titled-Tuesday-Blitz-June-04-2024"]
[Site "Chess.com"]
[Date "2024.06.04"]
[Round "11"]
[White "eljanov"]
[Black "lachesisQ"]
[Result "0-1"]
[WhiteElo "2938"]
[BlackElo "3047"]
[TimeControl "180+1"]
[EndTime "16:01:18 PDT"]
[Termination "lachesisQ won by resignation"]

1. d4 Nf6 2. Bf4 c5 3. d5 d6 4. Nc3 e5 5. Bd2 a6 6. a4 e4 7. Bg5 Be7 8. e3 O-O 9. Nge2 h6 10. Bxf6 Bxf6 11. Ng3 Bxc3+ 12. bxc3 f5 13. c4 Nd7 14. Qd2 Ne5 15. Be2 a5 16. h4 b6 17. Nh5 Ba6 18. Qc3 Ra7 19. Nf4 Qf6 20. Rb1 Nf3+ 0-1

[Event "Late-Titled-Tuesday-Blitz-June-04-2024"]
[Site "Chess.com"]
[Date "2024.06.04"]
[Round "11"]
[White "Kapitan_Bayan"]
[Black "ReadySkate"]
[Result "0-1"]
[WhiteElo "2424"]
[BlackElo "2731"]
[TimeControl "180+1"]
[EndTime "16:01:27 PDT"]
[Termination "ReadySkate won by checkmate"]

1. e4 c5 2. Nf3 e6 3. d4 cxd4 4.
Nxd4 Nf6 5. Nc3 Nc6 6. Nxc6 bxc6 7. e5 Nd5 8. Ne4 Qc7 9. f4 Qb6 10. c4 Bb4+ 11. Ke2 f5 12. Nf2 Ne7 13. Be3 Bc5 14. Bxc5 Qxc5 15. Kf3 Qb6 16. b3 c5 17. Qd6 Bb7+ 18.
Kg3 g5 19. Rd1 gxf4+ 20. Kh3 Bc6 21. Nd3 Ng6 22. Be2 Qd8 23. g3 Qg5 24. Nxf4 Nxf4+ 25. gxf4 Bg2# 0-1

[Event "Late-Titled-Tuesday-Blitz-June-04-2024"]
[Site "Chess.com"]
[Date "2024.06.04"]
[Round "11"]
[White "LUISMIGUELOV"]
[Black "King_Deded4d5"]
[Result "0-1"]
[WhiteElo "2224"]
[BlackElo "2422"]
[TimeControl "180+1"]
[EndTime "16:01:39 PDT"]
[Termination "King_Deded4d5 won by resignation"]

1. d4 d5 2. c3 Nf6 3. Bg5 Ne4 4. h4 Nxg5 5. hxg5 e5 6. dxe5 Qxg5 7. Nf3 Qd8 8. e3 Bf5 9. Bd3 Bxd3 10. Qxd3 g6 11. Nbd2 Bg7 12. O-O-O c6 13. e4 dxe4 14. Qxe4 Nd7 15. e6 fxe6 16. Qxe6+ Qe7 17. Qb3 O-O-O 18. Rhe1 Qf6 19. Ne4 Qf4+ 20. Kb1 Kb8 21. Nd6 Nc5 22. Qe6 Nxe6 0-1

[Event "Late-Titled-Tuesday-Blitz-June-04-2024"]
[Site "Chess.com"]
[Date "2024.06.04"]
[Round "11"]
[White "snowlord"]
[Black "CrushingKings"]
[Result "1-0"]
[WhiteElo "2905"]
[BlackElo "2618"]
[TimeControl "180+1"]
[EndTime "16:02:06 PDT"]
[Termination "snowlord won by resignation"]

1. b3 g6 2. Bb2 Nf6 3. Bxf6 exf6 4. c4 h5 5. Nc3 h4 6. e3 a5 7. d4 d6 8. Nf3 h3 9. g3 g5 10. Be2 Bg7 11. O-O f5 12. Rc1 Nc6 13. Ne1 f4 14.
Bf3 Ne7 15. Nd3 Ng6 16. c5 Kf8 17. cxd6 cxd6 18. Nd5 a4 19. bxa4 Ra5 20. Qb3 g4 21. Be4 f5 22. N5xf4 Nxf4 23. Nxf4 fxe4 24. Ng6+ Ke8 25.
Nxh8 Bxh8 26. Qg8+ Ke7 27. Rxc8 1-0

[Event "Late-Titled-Tuesday-Blitz-June-04-2024"]
[Site "Chess.com"]
[Date "2024.06.04"]
[Round "11"]
[White "garfield_pg"]
[Black "BabageldiAnnaberdiyev"]
[Result "1/2-1/2"]
[WhiteElo "2483"]
[BlackElo "2626"]
[TimeControl "180+1"]
[EndTime "16:02:08 PDT"]
[Termination "Game drawn by repetition"]

1. d4 Nf6 2. Bf4 e6 3. e3 d5 4. Nf3 Bd6 5. Ne5 O-O 6. Nd2 c5 7. c3 cxd4 8. exd4 Nc6 9. Ndf3 Ne4 10. Bd3 f6 11. Nxc6 bxc6 12. Bxd6 Qxd6 13. O-O a5 14. Re1 f5 15. Ne5 Ba6 16. f3 Nf6 17. Qe2 Bxd3 18. Nxd3 Rfe8 19. Qe5 Qxe5 20. Rxe5 Nd7 21. Re2 Rab8 22.
Rae1 Kf7 23. Nf4 Nf8 24. h4 g6 25. Kf2 h6 26. Nd3 Nd7 27. Nf4 Nf8 28. Nd3 Nd7 29.
Nf4 Nf8 1/2-1/2

[Event "Late-Titled-Tuesday-Blitz-June-04-2024"]
[Site "Chess.com"]
[Date "2024.06.04"]
[Round "11"]
[White "cristiano78"]
[Black "protectiago"]
[Result "1-0"]
[WhiteElo "2222"]
[BlackElo "2114"]
[TimeControl "180+1"]
[EndTime "16:02:18 PDT"]
[Termination "cristiano78 won by resignation"]

1. d4 Nf6 2. c4 g6 3. Nf3 Bg7 4. Nc3 d5 5. Bf4 O-O 6. e3 c5 7. dxc5 Qa5 8. Rc1 Ne4 9. cxd5 Nxc3 10. bxc3 Bxc3+ 11. Nd2 Rd8 12. e4 Qxc5 13. Qc2 Bxd2+ 14. Qxd2 Qb6 15. Bc7 1-0

[Event "Late-Titled-Tuesday-Blitz-June-04-2024"]
[Site "Chess.com"]
[Date "2024.06.04"]
[Round "11"]
[White "Pig-filth"]
[Black "Statham_01"]
[Result "0-1"]
[WhiteElo "2356"]
[BlackElo "2697"]
[TimeControl "180+1"]
[EndTime "16:02:27 PDT"]
[Termination "Statham_01 won by resignation"]

1. d4 Nf6 2. Bg5 c5 3. Nc3 cxd4 4. Qxd4 Nc6 5. Qh4 Qa5 6. O-O-O d6 7. e4 Be6 8. a3 h6 9. Bd2 Qb6 10. Be3 Qa5 11.
Bd2 g5 12. Qg3 Qb6 13. Be3 Qc7 14. Bb5 Bg7 15. Nd5 Bxd5 16. exd5 a6 17. dxc6 axb5 18. cxb7 Qxb7 19. Qf3 Ne4 20. Ne2 O-O 21. Nc3 Bxc3 22. bxc3 Rxa3 23. Kb2 Rfa8 24. Ra1 b4 25. c4 b3 26.
Rxa3 bxc2+ 27. Kxc2 Rxa3 28. Rb1 Rc3+ 0-1

[Event "Late-Titled-Tuesday-Blitz-June-04-2024"]
[Site "Chess.com"]
[Date "2024.06.04"]
[Round "11"]
[White "NovakRatko"]
[Black "MaxLeto"]
[Result "1-0"]
[WhiteElo "2321"]
[BlackElo "2413"]
[TimeControl "180+1"]
[EndTime "16:02:29 PDT"]
[Termination "NovakRatko won by resignation"]

1. d4 a6 2. e4 b6 3. c4 c6 4. f4 d6 5. Nf3 e6 6. d5 f6 7.
dxe6 Bxe6 8. Nc3 Nd7 9. Be3 Qc7 10. Bd3 Nc5 11. Bc2 Bxc4 12. b3 Bf7 13. O-O g6 14.
Re1 Bg7 15. Bd4 Ne6 16. e5 Nxd4 17. exf6+ Be6 18. fxg7 Qxg7 19. Nxd4 Kd7 20. Rxe6 c5 21. Rxd6+ 1-0

[Event "Late-Titled-Tuesday-Blitz-June-04-2024"]
[Site "Chess.com"]
[Date "2024.06.04"]
[Round "11"]
[White "annasargsyan_m"]
[Black "1g60-1"]
[Result "0-1"]
[WhiteElo "2567"]
[BlackElo "2462"]
[TimeControl "180+1"]
[EndTime "16:02:33 PDT"]
[Termination "1g60-1 won by resignation"]

1. d4 e6 2. c4 f5 3. g3 Nf6 4. Bg2 Be7 5. Nc3 O-O 6. e4 fxe4 7. Nxe4 d5 8. Nxf6+ Bxf6 9. cxd5 exd5 10. Ne2 c6 11. O-O Bg4 12. Be3 Nd7 13. Qc2 Qb6 14. Rad1 Rae8 15.
Rd2 Be7 16. a3 Nf6 17. Nf4 Bd6 18. h3 Bc8 19. Kh2 Ne4 20. Re2 Bf5 21. Qd1 Qc7 22.
Rfe1 g5 23. Nh5 Bg6 24. Rc2 Qf7 0-1